Cogmind - Beta 14 @@@ ROGUE MODE // 2024.08.17 @ 23:17:09 Player: CogMan Result: Self-destructed Performance ------------- Evolutions (1) 500 Regions Visited (2) 400 Robots Destroyed (16) 80 Value Destroyed (264) 264 Prototype IDs (0) 0 Alien Tech Used (0) 0 Bonus (0) 0 TOTAL SCORE: 1244 Bonus ------- None Cogmind --------- Core Integrity 352/400 Matter 275/300 Energy 125/125 System Corruption 0% Temperature Hot (258) Movement Core (350) Ox6 Location -9/Materials Parts ------- > --- POWER (1) -------- Light Ion Engine > --- PROPULSION (2) --- (None) > --- UTILITY (4) ------ Small Storage Unit Medium Storage Unit Terrain Scanner Terrain Scan Processor > --- WEAPON (2) ------- (None) > --- INVENTORY (10) --- Terrain Scanner Hacking Suite Light Assault Rifle Grenade Launcher Mining Claw Peak State ------------ > --- POWER ------------ Light Ion Engine > --- PROPULSION ------- Aluminum Leg Wheel > --- UTILITY ---------- Small Storage Unit Medium Storage Unit Terrain Scanner Terrain Scan Processor > --- WEAPON ----------- EM Pulse Gun Medium Laser > --- INVENTORY -------- Hacking Suite Light Assault Rifle Grenade Launcher Mining Claw [Rating: 10] Favorites ----------- Power Ion Engine Engine Ion Engine Propulsion Aluminum Leg Leg Aluminum Leg Wheel Wheel Utility Medium Storage Unit Device Seismic Detector Storage Medium Storage Unit Processor Terrain Scan Processor Weapon EM Pulse Gun Energy Gun EM Pulse Gun Launcher Grenade Launcher Build | -11 -10 -9 ------- Run | Yrd Mat Mat Slots Evolved 2 | . . 2 Power . | . . . Propulsion . | . . . Utility 2 | . . 2 Weapon . | . . . Parts Attached 16 | 7 7 2 Power 2 | 1 1 . Engine 2 | 1 1 . Core . | . . . Reactor . | . . . Propulsion 4 | 2 2 . Treads . | . . . Leg 3 | 2 1 . Wheel 1 | . 1 . Hover . | . . . Flight . | . . . Utility 6 | 2 2 2 Device 2 | 1 . 1 Storage 3 | 1 1 1 Processor 1 | . 1 . Hackware . | . . . Protection . | . . . Artifact . | . . . Weapon 4 | 2 2 . Energy Gun 3 | 2 1 . Energy Cannon . | . . . Ballistic Gun . | . . . Ballistic Cannon . | . . . Launcher 1 | . 1 . Special Weapon . | . . . Impact Weapon . | . . . Slashing Weapon . | . . . Piercing Weapon . | . . . Special Melee Weapon . | . . . Unidentified Prototypes . | . . . Parts Lost 6 | . 3 3 Power 1 | . 1 . Propulsion 3 | . 1 2 Utility 1 | . 1 . Weapon 1 | . . 1 Highest Loss Streak 3 | . 3 3 To Critical Strikes . | . . . Average Slot Usage (%) 93 | . 91 98 Engine 8 | . 7 11 Leg 16 | . 19 11 Wheel 8 | . 8 11 Device 7 | . 5 10 Storage 16 | . 14 21 Processor 8 | . 7 11 Energy Gun 25 | . 27 22 Peak Build Rating 10 | 7 8 10 Average Rating 7 | 5 6 9 On Entrance 5 | . 7 8 Naked Turns . | . . . Heaviest Build 23 | 15 20 23 Greatest Support 20 | 20 20 10 Greatest Overweight (x) 2 | . 1 2 Average Overweight (x) . | . . 1 Largest Inventory Capacity 10 | 8 10 10 Average Capacity 9 | 7 9 10 Most Carried 7 | . 7 6 Average Carried 4 | . 5 4 Final Capacity 10 | 8 10 10 Final Carried 6 | . 6 5 Class Distribution -------------------- 100% | Mutant Dominant Class ---------------- Mutant | -10/Materials Mutant | -9/Materials Resources | -11 -10 -9 ----------- Run | Yrd Mat Mat Matter Collected 325 | 248 77 . Remotely . | . . . Salvage Created 422 | 124 248 50 Parts 30 | 5 23 2 Haulers Intercepted 1 | . 1 . Recyclers Shooed . | . . . Parts Field Recycled . | . . . Retrieved Matter . | . . . Parts Self-Destructed . | . . . Prevented . | . . . Kills | -11 -10 -9 ------- Run | Yrd Mat Mat Combat Hostiles Destroyed 7 | . 6 1 Guns 3 | . 2 1 AOE 4 | . 4 . Classes Destroyed 9 | 2 7 . Worker 1 | . 1 . Builder 2 | . 2 . Tunneler 2 | 2 . . Hauler 1 | . 1 . Recycler 1 | 1 . . Operator 1 | . 1 . Watcher 1 | . 1 . Swarmer 3 | . 3 . Grunt 4 | . 3 1 Best Kill Streak 5 | 2 5 1 Combat Bots Only 3 | . 3 1 Max Kills in Single Turn 4 | 1 4 1 Gunslinging . | . . . Exploded 3 | . 3 . Melee . | . . . Uniques/NPCs Destroyed . | . . . Combat | -11 -10 -9 -------- Run | Yrd Mat Mat Hostile Shots Fired 38 | . 20 18 Missed 10 | . 6 4 Damage Taken 595 | . 345 250 Core 111 | . 63 48 Absorbed by Shields . | . . . Core Remaining (%) 87 | 100 74 . Volleys Fired 44 | 4 24 16 Largest 2 | 2 2 2 Hottest 90 | 90 90 90 Shots Fired 83 | 8 46 29 Gun 81 | 8 44 29 Cannon . | . . . Launcher 2 | . 2 . Special . | . . . Kinetic . | . . . Thermal 39 | 4 22 13 Explosive 2 | . 2 . Electromagnetic 42 | 4 22 16 Robot Hit Streak 9 | 3 7 9 Robot Miss Streak 3 | 2 3 1 Penetration Max . | . . . Secondary Targets 1 | . . 1 Max Gunslinging Chain 1 | . . 1 Shots Hit Robots 49 | 4 24 21 Core Hits 22 | 3 15 4 Critical Kills . | . . . Critical Parts Destroyed . | . . . Critical Strikes 2 | . 1 1 Burn 2 | . 1 1 Melee Attacks . | . . . Impact . | . . . Slashing . | . . . Piercing . | . . . Sneak Attacks . | . . . Combat Hostiles . | . . . Follow-up Attacks . | . . . Damage Inflicted 1253 | 98 894 261 Guns 627 | 64 302 261 Cannons . | . . . Explosions 626 | 34 592 . Melee . | . . . Ramming . | . . . Kinetic . | . . . Thermal 523 | 59 339 125 Explosive 404 | . 404 . Electromagnetic 326 | 39 151 136 Impact . | . . . Slashing . | . . . Piercing . | . . . Highest Corruption 4 | . 4 . Average Corruption 3 | . 3 . Corruption Purged . | . . . Corruption Blocked . | . . . Effects 3 | . 3 . Heat Flow Errors 1 | . 1 . Data Loss (minor) 1 | . 1 . Data Loss (major) 1 | . 1 . Overload Shots . | . . . Overflow Damage 64 | . 64 . Projectiles . | . . . Explosions 64 | . 64 . Melee . | . . . Knockbacks . | . . . Impact . | . . . Kinetic . | . . . Secondary . | . . . Self-Inflicted Damage 160 | . 160 . Shots 3 | . 3 . Rammed . | . . . Targets Rammed . | . . . Kicked . | . . . Crushed . | . . . Highest Temperature 391 | 60 391 258 Average Temperature 103 | 25 110 119 Received Heat Transfer 183 | . 123 60 Effects 1 | . 1 . Short Circuit 1 | . 1 . Siege Activations . | . . . Robots Corrupted . | . . . Combat Hostiles . | . . . Parts Fried 2 | . 2 . Impact Corruptions . | . . . Robots Melted . | . . . Combat Hostiles . | . . . Parts Melted 5 | . 5 . Heat Transferred 1236 | 124 668 444 Parts Sabotaged . | . . . Parts Stolen . | . . . Parts Stripped . | . . . Power Chain Reactions 2 | 1 1 . Alert | -11 -10 -9 ------- Run | Yrd Mat Mat Peak Influence 232 | 15 232 48 Initial 13 | . 9 13 Average 92 | 10 147 29 Maximum Alert Level 1 | . 1 . Low Security (%) 71 | 100 50 100 Level 1 28 | . 49 . Level 2 . | . . . Level 3 . | . . . Level 4 . | . . . Level 5 . | . . . High Security . | . . . Max Security . | . . . Squads Dispatched 2 | . 1 1 Investigation . | . . . Extermination . | . . . Reinforcement 2 | . 1 1 Assault . | . . . Garrison . | . . . Intercept . | . . . Searches Triggered . | . . . Construction Impeded . | . . . Haulers Reinforced . | . . . Active Scanning Responses . | . . . Cargo Convoy Interrupts . | . . . Stealth | -11 -10 -9 --------- Run | Yrd Mat Mat Distress Signals 1 | . 1 . Communications Jammed . | . . . Distress Signals . | . . . Times Spotted 13 | . 8 5 Peak Tracking Total 4 | . 4 4 Tactical Retreats . | . . . Traps | -11 -10 -9 ------- Run | Yrd Mat Mat Traps Triggered 3 | . 3 . Indirectly . | . . . Trap Hack Attempts . | . . . Triggered . | . . . Disarmed . | . . . Reprogrammed . | . . . Reused . | . . . Traps Extracted . | . . . Installed . | . . . Triggered . | . . . Machines | -11 -10 -9 ---------- Run | Yrd Mat Mat Machines Disabled 2 | . 2 . Max in Single Turn 1 | . 1 . Machines Repaired . | . . . Machines Dismantled . | . . . Machines Sabotaged . | . . . Overloaded Fab Kills . | . . . Hacking | -11 -10 -9 --------- Run | Yrd Mat Mat Machines Accessed 2 | . 2 . Terminals 2 | . 2 . Fabricators . | . . . Repair Stations . | . . . Recycling Units . | . . . Scanalyzers . | . . . Garrison Access . | . . . Total Hacks 4 | . 4 . Successful 2 | . 2 . Failed 2 | . 2 . Catastrophic . | . . . Database Lockouts . | . . . Manual 3 | . 3 . Terminals 4 | . 4 . Fabricators . | . . . Repair Stations . | . . . Recycling Units . | . . . Scanalyzers . | . . . Garrison Access . | . . . Terminal Hacks 2 | . 2 . Robot Analysis 1 | . 1 . Branch Access Points 1 | . 1 . Fabricator Hacks . | . . . Repair Station Hacks . | . . . Recycling Unit Hacks . | . . . Scanalyzer . | . . . Garrison Access Hacks . | . . . Unauthorized Hacks . | . . . Terminals . | . . . Fabricators . | . . . Repair Stations . | . . . Recycling Units . | . . . Scanalyzers . | . . . Garrison Access . | . . . Data Cores Recovered . | . . . Used . | . . . Hacking Detections . | . . . Full Trace Events . | . . . Feedback Events . | . . . Feedback Blocked . | . . . Robot Schematics Acquired . | . . . Robots Built . | . . . Authchips . | . . . Time . | . . . Total Robot Build Rating . | . . . Part Schematics Acquired . | . . . Parts Built . | . . . Authchips . | . . . Time . | . . . Total Part Build Rating . | . . . Parts Repaired . | . . . Time . | . . . Parts Recycled . | . . . Recycled Matter . | . . . Retrieved Matter . | . . . Retrieved Components . | . . . Parts Scanalyzed . | . . . Part Schematics Acquired . | . . . Parts Damaged . | . . . Bothacking | -11 -10 -9 ------------ Run | Yrd Mat Mat Used RIF Installer . | . . . Robots Hacked . | . . . Non-combat . | . . . Combat . | . . . Robot Hacks Applied . | . . . Relay Couplers Released . | . . . Fabnet Peak Effective % . | . . . Robots Rewired . | . . . Allies Hacked . | . . . Hacks Repelled . | . . . Allies | -11 -10 -9 -------- Run | Yrd Mat Mat Total Allies . | . . . Largest Group . | . . . Highest-Rated Group . | . . . Highest-Rated Ally . | . . . Total Orders . | . . . Ally Attacks . | . . . Total Damage . | . . . Kills . | . . . Allies Corrupted . | . . . Allies Melted . | . . . Intel | -11 -10 -9 ------- Run | Yrd Mat Mat Robot Analysis Total 1 | . 1 . Derelict Logs Recovered . | . . . Drone Launches . | . . . Drone Recoveries . | . . . Exploration | -11 -10 -9 ------------- Run | Yrd Mat Mat Turns Passed 717 | 129 406 182 Spaces Moved 511 | 94 295 122 Core 8 | 8 . . Treads . | . . . Legs 192 | 86 106 . Wheels 311 | . 189 122 Hover . | . . . Flight . | . . . Fastest Speed 50 | 50 95 95 Average Speed 108 | 114 105 109 Slowest Speed 190 | 120 190 110 Overloaded Moves . | . . . Propulsion Burnouts . | . . . Robots Hopped . | . . . Cave-ins Triggered . | . . . Exploration Rate (%) 20 | 4 45 13 Regions Visited 2 Branch Regions . Pre-discovered Areas . | . . . Known Exits Taken . | . . . Unknown Exits Taken 2 | 1 1 . Scrap Searched . | . . . Spaces Dug . | . . . Terrain Destroyed 30 | 3 27 . Melee . | . . . Projectile . | . . . AOE 30 | 3 27 . Terrain Rammed . | . . . Walls Destroyed . | . . . Machines Disabled . | . . . Actions | -11 -10 -9 --------- Run | Yrd Mat Mat Total 588 | 104 343 141 Wait 1 | . 1 . Move 509 | 93 294 122 Hop . | . . . Pick Up 12 | . 11 1 Fast Attach 9 | 7 2 . Attach 4 | . 2 2 Detach 1 | . 1 . Swap 3 | . 3 . Drop 5 | . 5 . Fire 44 | 4 24 16 Melee . | . . . Ram . | . . . Kick . | . . . Crush . | . . . Escape Stasis . | . . . Rewire . | . . . Trap . | . . . Miscellaneous . | . . . Route ------- -11/Scrapyard -10/Materials (discovered 2 exits: [*Mat] / Min) -9/Materials History --------- Turn | Location | Event 4 | -11/Scrapyard | Discovered new exit (range 15) 130 | -11/Scrapyard | Entered Materials 301 | -10/Materials | Build established: Mutant 324 | -10/Materials | Lost 3 parts (1p1n1u) 416 | -10/Materials | Identified exit to Mines 449 | -10/Materials | Discovered new exit (range 16) 536 | -10/Materials | Entered another Materials area 536 | -9/Materials | Evolved 2 slots: Utility x2 718 | -9/Materials | Self-destructed Last Messages --------------- 00484_ System corrupted: Heat flow error (+132). 00485_ Acquired Sml. Storage Unit. 00487_ Acquired Lgt. Assault Rifle. 00490_ Acquired Hacking Suite. 00518_ Dropped Aluminum Leg. 00520_ Acquired Aluminum Leg. PARAMETERS=UTILITY+2 LOCATION=UNKNOWN GOAL=ESCAPE 00669_ ALERT: Hostiles spotted, dispatching reinforcements to Terminal M002. 00671_ Acquired Terrain Scanner. 00696_ G-34 Mercenary destroyed. 00696_ Switching to secondary target: L-31 Rogue. 00705_ L-31 Rogue suffers critical hit (Burn). 00710_ Aluminum Leg destroyed. 00712_ Med. Laser severed. 00715_ Wheel destroyed. 00717_ EM Pulse Gun destroyed. Map ----- +----------------------------------------------------+ | ?????????????????????????????????????????????????? | | ?????????????????????????????????????????????????? | | ?????????????????????????????????????????????????? | | ?????????????????????????????????????????????????? | | ?????????????????????????????????????????????????? | | ?????????????????????????????????????????????????? | | ?????????????????????????????????????????????????? | | ?????????????????????????????????????????????????? | | ?????????????????????????????????????????????????? | | ?????????????????????????????????????????????????? | | ??????????????????????? ???????????????????????? | | ??????????????????????#r ???????????????????????? | | ??????????????????#?### ???? ??????????????????? | | ??????????????????#??## #?? ???????????????????? | | ???????????????????#??# #???? ? ???????????????? | | ?????????????????####?# #?? ? ? ???????????????? | | ???????????????? #???## #?# ??? ??????????????? | | ????????????????? #??## ##??? ?? ????????????? | | ???????? ????? ? ?#???# #????? ?? ????????????? | | ?????? ??? ??????# #???????#??#???????????? | | +?????? ?? ??##??## #???#???#??????????????? | | #??? ??????? #????# ###??#?????????????????? | | #????######??##?#??# ##??????#?###??????????? | | #?? ########## #?##???#? ?????????????? | | #? """ # # #?#?#??#?? ????????????? | | # """"" # # @####?#?##??????????????? | | # """"" # # l#?#?#?#?# ?? ??????????? | | # """"" # + ###?###?#? ????????????? | | # """ # # ########## ????????????? | | # # """ # # #?? ??????????? | | # # """ # # # ??????????? | | ######+#### """ # # + ????????????? | | #### ########### # """ # ????????????? | | g + """"" ??#???????????? | | # """"" ???????????????? | | * # """""? ???#??????????? | | #+##### ############%## """ ????????????????? | | ## ###??#???##?#!## ? #?????????????? | | ?# #??#???#???## ########???#????????????? | | " """ ## ##?????##?###+##????? ?? ?????????????? | | " """ ## ##??????? ? ## ?? ???#????????????? | | " """ ## #####?#??! #? ? ???#????????????? | | ## ##????? !! #?? ??????#????????????? | | ## #??#?## #??#?#?????????????????? | | ??#######????# / ?????????????????????? | | ###???#??????#?### # ?? ?????????????????? | | ????????????###??# #???#??????????????????? | | ??#?#?????????#??# #??????????????????????? | | #?#?##???????????# #??????????????????????? | | ???????????#?????#########?????#?????????????????? | +----------------------------------------------------+ Best States ------------- Heat Dissipation 28 Energy Generation 10 Energy Capacity 250 Matter Stores 300 Matter Capacity 300 Sight Range 16 Terrain Scan Range 14 Terrain Scan Density 85 Evasion (%) 55 Item Schematics ----------------- None Robot Schematics ------------------ None Fabricated ------------ Nothing Alien Tech Used ----------------- None Achievements -------------- None Challenges ------------ None Game ------ Seed SwarmIntegratedSaw Manual? 0 Play Time 00:05:59 Cumulative 36.0 hours Start 2024.08.17 @ 23:12:17 End 2024.08.17 @ 23:17:09 Sessions 1 Manual Loads 0 Difficulty Rogue Special Mode None Game No. 74 Rogue 33 Adventurer 41 Explorer 0 Win Type - Total 1 Types 1/0/0/0/0/0/0/0/0 Lore% 30 Gallery% 40 Achievement% 44 Wizard Run 0 Options --------- Layout 2 ASCII 0 Keyboard 1 Movement Arrows Keybinds 0 Fullscreen 2 Font 24/Smallcaps Map View 50x44 Zoom Use 0% Tactical HUD 1 Map Filters NONE Filters NONE Steam 1 RUN: af59f678-f93a-42f9-b0f5-7ceaafad4048